3A
YORK REVOLUTION @ NEBRASKA PLAINSMEN
09/02/2032
 
TOP OF THE 1ST
York Revolution batting - Pitching for Nebraska Plainsmen : LHP Esteban Allucingoli
Pitching: LHP Esteban Allucingoli
Batting: LHB Jack MacOmish 0-0: Called Strike
0-1: Ball
1-1: Foul Ball, location: 2F
1-2: Ball
2-2: Fly out, F3 (Line Drive, 34)
Batting: RHB Wren Driscoll 0-0: Called Strike
0-1: Called Strike
0-2: Ground out 4-3 (Groundball, 4S)
Batting: RHB John Clark 0-0: Called Strike
0-1: Ball
1-1: Foul Ball, location: 2F
1-2: Strikes out looking
Top of the 1st over - 0 runs, 0 hits, 0 errors, 0 left on base; York 0 - Nebraska 0
BOTTOM OF THE 1ST
Nebraska Plainsmen batting - Pitching for York Revolution : LHP Tracy Cowdin
Pitching: LHP Tracy Cowdin
Batting: LHB Nathan Housden 0-0: Ball
1-0: Foul Ball, location: 2F
1-1: Foul Ball, location: 2F
1-2: Ground out 4-3 (Groundball, 4MS)
Batting: SHB Jorge Iglésias 0-0: Called Strike
0-1: Foul Ball, location: 2F
0-2: Strikes out swinging
Batting: RHB Diego Martínez 0-0: Foul Ball, location: 2F
0-1: Ball
1-1: Called Strike
1-2: Strikes out looking
Bottom of the 1st over - 0 runs, 0 hits, 0 errors, 0 left on base; York 0 - Nebraska 0
TOP OF THE 2ND
York Revolution batting - Pitching for Nebraska Plainsmen : LHP Esteban Allucingoli
Batting: RHB Andy Alderliesten 0-0: Called Strike
0-1: Swinging Strike
0-2: Ball
1-2: Ball
2-2: Ball
3-2: Ground out 6-3 (Groundball, 6S)
Batting: RHB Harris van Seggelen 0-0: Ball
1-0: Called Strike
1-1: Ball
2-1: Ground out 4-3 (Groundball, 34)
Batting: LHB Weston Doyle 0-0: Ball
1-0: Swinging Strike
1-1: Ground out 6-3 (Groundball, 56)
Top of the 2nd over - 0 runs, 0 hits, 0 errors, 0 left on base; York 0 - Nebraska 0
BOTTOM OF THE 2ND
Nebraska Plainsmen batting - Pitching for York Revolution : LHP Tracy Cowdin
Batting: RHB Troy Ross 0-0: Ball
1-0: Foul Ball, location: 2F
1-1: Ball
2-1: Ground out 5-3 (Groundball, 56)
Batting: SHB Roger Dorn 0-0: Called Strike
0-1: Foul Ball, location: 2F
0-2: Ball
1-2: Ground out U3 (Groundball, 34)
Batting: RHB Gary Mosley 0-0: Ball
1-0: Called Strike
1-1: Foul Ball, location: 2F
1-2: Ball
2-2: Ball
3-2: Strikes out looking
Bottom of the 2nd over - 0 runs, 0 hits, 0 errors, 0 left on base; York 0 - Nebraska 0
TOP OF THE 3RD
York Revolution batting - Pitching for Nebraska Plainsmen : LHP Esteban Allucingoli
Batting: RHB Rich Stevens 0-0: Foul Ball, location: 2F
0-1: Swinging Strike
0-2: Strikes out swinging
Batting: RHB Tome Uso 0-0: Ball
1-0: Called Strike
1-1: Foul Ball, location: 2F
1-2: Strikes out looking
Batting: SHB Lee Byrum 0-0: Swinging Strike
0-1: Ball
1-1: Swinging Strike
1-2: Strikes out swinging
Top of the 3rd over - 0 runs, 0 hits, 0 errors, 0 left on base; York 0 - Nebraska 0
BOTTOM OF THE 3RD
Nebraska Plainsmen batting - Pitching for York Revolution : LHP Tracy Cowdin
Batting: RHB Adam Jensson 0-0: Called Strike
0-1: Called Strike
0-2: Ball
1-2: Ball
2-2: Foul Ball, location: 2F
2-2: Ball
3-2: Fly out, F8 (Flyball, 8LM)
Batting: RHB Tomas van Noord 0-0: Called Strike
0-1: Ball
1-1: Ball
2-1: Ground out 3-1 (Groundball, 34S)
Batting: SHB Amadeo Álvarez 0-0: Called Strike
0-1: Swinging Strike
0-2: Strikes out looking
Bottom of the 3rd over - 0 runs, 0 hits, 0 errors, 0 left on base; York 0 - Nebraska 0
TOP OF THE 4TH
York Revolution batting - Pitching for Nebraska Plainsmen : LHP Esteban Allucingoli
Batting: LHB Jack MacOmish 0-0: Foul Ball, location: 2F
0-1: Ball
1-1: Ball
2-1: Foul Ball, location: 2F
2-2: Ball
3-2: Foul Ball, location: 2F
3-2: Fly out, F5 (Flyball, 5D)
Batting: RHB Wren Driscoll 0-0: Ball
1-0: Ball
2-0: Called Strike
2-1: Fly out, F7 (Flyball, 7S)
Batting: RHB John Clark 0-0: Ball
1-0: Fly out, F7 (Flyball, 7LS)
Top of the 4th over - 0 runs, 0 hits, 0 errors, 0 left on base; York 0 - Nebraska 0
BOTTOM OF THE 4TH
Nebraska Plainsmen batting - Pitching for York Revolution : LHP Tracy Cowdin
Batting: LHB Nathan Housden 0-0: Ball
1-0: Foul Ball, location: 2F
1-1: Foul Ball, location: 2F
1-2: Foul Ball, location: 2F
1-2: Ball
2-2: Foul Ball, location: 2F
2-2: Ball
3-2: Fly out, F6 (Line Drive, 6)
Batting: SHB Jorge Iglésias 0-0: Ball
1-0: Foul Ball, location: 2F
1-1: DOUBLE (Line Drive, 8LD)
Batting: RHB Diego Martínez 0-0: Called Strike
0-1: Fly out, F7 (Flyball, 78D)
Batting: RHB Troy Ross 0-0: Ball
Wild Pitch!
Jorge Iglésias to third
1-0: Ball
2-0: Ball
3-0: Called Strike
3-1: Called Strike
3-2: Ground out 4-3 (Groundball, 34)
Bottom of the 4th over - 0 runs, 1 hit, 0 errors, 1 left on base; York 0 - Nebraska 0
TOP OF THE 5TH
York Revolution batting - Pitching for Nebraska Plainsmen : LHP Esteban Allucingoli
Batting: RHB Andy Alderliesten 0-0: Called Strike
0-1: Ground out U3 (Groundball, 3)
Batting: RHB Harris van Seggelen 0-0: Called Strike
0-1: Ball
1-1: Ball
2-1: Ball
3-1: Ground out 5-3 (Groundball, 5L)
Batting: LHB Weston Doyle 0-0: Ball
1-0: Ball
2-0: Foul Ball, location: 2F
2-1: SINGLE (Groundball, 56) (infield hit)
Batting: RHB Rich Stevens 0-0: Fly out, F8 (Flyball, 8RD)
Top of the 5th over - 0 runs, 1 hit, 0 errors, 1 left on base; York 0 - Nebraska 0
BOTTOM OF THE 5TH
Nebraska Plainsmen batting - Pitching for York Revolution : LHP Tracy Cowdin
Batting: SHB Roger Dorn 0-0: Ball
1-0: Called Strike
1-1: Foul Ball, location: 2F
1-2: Foul Ball, location: 2F
1-2: SINGLE (Flyball, 89M)
Batting: RHB Gary Mosley 0-0: Ball
1-0: Sac Bunt - play at second, runner OUT -> throw to first, DP!
Batting: RHB Adam Jensson 0-0: Called Strike
0-1: Fly out, F3 (Popup, 3F)
Bottom of the 5th over - 0 runs, 1 hit, 0 errors, 0 left on base; York 0 - Nebraska 0
TOP OF THE 6TH
York Revolution batting - Pitching for Nebraska Plainsmen : LHP Esteban Allucingoli
Batting: RHB Tome Uso 0-0: Called Strike
0-1: Fly out, F8 (Flyball, 8LXD)
Batting: SHB Lee Byrum 0-0: Called Strike
0-1: DOUBLE (Groundball, 5L)
Batting: LHB Jack MacOmish 0-0: Foul Ball, location: 2F
0-1: Ball
1-1: Ball
2-1: Ball
3-1: Foul Ball, location: 2F
3-2: Base on Balls
Batting: RHB Wren Driscoll 0-0: Foul Ball, location: 2F
0-1: Ball
1-1: Fly out, F8 (Flyball, 89D)
Batting: RHB John Clark 0-0: Ball
1-0: Foul Ball, location: 2F
1-1: Fly out, F9 (Line Drive, 89D)
Top of the 6th over - 0 runs, 1 hit, 0 errors, 2 left on base; York 0 - Nebraska 0
BOTTOM OF THE 6TH
Nebraska Plainsmen batting - Pitching for York Revolution : LHP Tracy Cowdin
Batting: RHB Tomas van Noord 0-0: Called Strike
0-1: Called Strike
0-2: Ball
1-2: Ball
2-2: Ground out 6-3 (Groundball, 6M)
Batting: SHB Amadeo Álvarez 0-0: SINGLE (Flyball, 89S)
Batting: LHB Nathan Housden 0-0: Ball
1-0: Ball
2-0: Foul Ball, location: 2F
2-1: Swinging Strike
2-2: SINGLE (Line Drive, 78S)
Amadeo Álvarez to second
Amadeo Álvarez to third
Batting: SHB Jorge Iglésias 0-0: Ball
1-0: Ball
2-0: Ball
3-0: Called Strike
3-1: Fly out, F2 (Popup, 2R)
Batting: RHB Diego Martínez 0-0: Ball
1-0: Ground out 5-3 (Groundball, 56S)
Bottom of the 6th over - 0 runs, 2 hits, 0 errors, 2 left on base; York 0 - Nebraska 0
TOP OF THE 7TH
York Revolution batting - Pitching for Nebraska Plainsmen : LHP Esteban Allucingoli
Batting: RHB Andy Alderliesten 0-0: Ball
1-0: Ball
2-0: Called Strike
2-1: Fly out, F8 (Flyball, 8RXD)
Batting: RHB Harris van Seggelen 0-0: Called Strike
0-1: Foul Ball, location: 2F
0-2: Strikes out looking
Batting: LHB Weston Doyle 0-0: Ball
1-0: Called Strike
1-1: Called Strike
1-2: Foul Ball, location: 2F
1-2: Ball
2-2: Ball
3-2: Foul Ball, location: 2F
3-2: Fly out, F8 (Flyball, 8LM)
Top of the 7th over - 0 runs, 0 hits, 0 errors, 0 left on base; York 0 - Nebraska 0
BOTTOM OF THE 7TH
Nebraska Plainsmen batting - Pitching for York Revolution : LHP Tracy Cowdin
Batting: RHB Troy Ross 0-0: Ball
1-0: Called Strike
1-1: DOUBLE (Line Drive, 7LM)
Batting: SHB Roger Dorn 0-0: Ball
1-0: Called Strike
1-1: Ball
Troy Ross is caught stealing 3rd base
2-1: Swinging Strike
2-2: Ball
3-2: Strikes out swinging
Batting: RHB Gary Mosley 0-0: Ball
1-0: Foul Ball, location: 2F
1-1: Ground out 3-1 (Groundball, 34)
Bottom of the 7th over - 0 runs, 1 hit, 0 errors, 0 left on base; York 0 - Nebraska 0
TOP OF THE 8TH
York Revolution batting - Pitching for Nebraska Plainsmen : LHP Esteban Allucingoli
Batting: RHB Rich Stevens 0-0: Foul Ball, location: 2F
0-1: Foul Ball, location: 2F
0-2: Ball
1-2: Ground out 4-3 (Groundball, 4)
Batting: RHB Tome Uso 0-0: Called Strike
0-1: Ball
1-1: Ball
2-1: Called Strike
2-2: Ball
3-2: Base on Balls
Batting: SHB Lee Byrum 0-0: Foul Ball, location: 2F
0-1: Ball
1-1: Foul Ball, location: 2F
1-2: Grounds into double play, 6-4-3 (Groundball, 6)
Top of the 8th over - 0 runs, 0 hits, 0 errors, 0 left on base; York 0 - Nebraska 0
BOTTOM OF THE 8TH
Nebraska Plainsmen batting - Pitching for York Revolution : LHP Tracy Cowdin
Batting: RHB Adam Jensson 0-0: Swinging Strike
0-1: Ball
1-1: Ground out 6-3 (Groundball, 6)
Pitching: RHP Miika Jarvi
Pinch Hitting: RHB Charles Mackey 0-0: SINGLE (Groundball, 34) (infield hit)
Pinch Hitting: SHB Jack MacJarrow 0-0: Ball
Charles Mackey steals 2nd base
1-0: Called Strike
1-1: Called Strike
1-2: Strikes out looking
Batting: LHB Nathan Housden 0-0: Called Strike
0-1: Ball
1-1: Foul Ball, location: 2F
1-2: Ground out U3 (Groundball, 3)
Bottom of the 8th over - 0 runs, 1 hit, 0 errors, 1 left on base; York 0 - Nebraska 0
TOP OF THE 9TH
York Revolution batting - Pitching for Nebraska Plainsmen : LHP Esteban Allucingoli
Pitching: RHP Eugenio Pensotti
Now at SS: Charles Mackey
Now in RF: José Durán
Batting: LHB Jack MacOmish 0-0: Ball
1-0: Ground out 4-3 (Groundball, 4S)
Batting: RHB Wren Driscoll 0-0: Fly out, F8 (Flyball, 8LD)
Batting: RHB John Clark 0-0: Ball
1-0: Ball
2-0: Swinging Strike
2-1: Ball
3-1: Base on Balls
Batting: RHB Andy Alderliesten 0-0: Fly out, F6 (Popup, 6M)
Top of the 9th over - 0 runs, 0 hits, 0 errors, 1 left on base; York 0 - Nebraska 0
BOTTOM OF THE 9TH
Nebraska Plainsmen batting - Pitching for York Revolution : RHP Miika Jarvi
Batting: SHB Jorge Iglésias 0-0: Ball
1-0: Foul Ball, location: 2F
1-1: Ball
2-1: SOLO HOME RUN (Flyball, 9LD), Distance : 358 ft
Wednesday, September 19th, 2018 - OOTP Baseball 18.8 Build 76